 Dungeon Crawl Stone Soup version 0.31-a0-983-g7b6862f502 (webtiles) character file.

Game seed: 16549293804099894371

9 Maratek the Trooper (level 2, 19/24 HPs)
             Began as a Demonspawn Fighter on Nov 2, 2023.
             Quit the game on level 1 of the Dungeon.
             The game lasted 00:00:18 (203 turns).

Maratek the Trooper (Demonspawn Fighter)             Turns: 203, Time: 00:00:19

Health: 19/24      AC:  6    Str: 16    XL:     2   Next: 3%
Magic:  2/2        EV:  8    Int:  9    God:
Gold:   18         SH:  4    Dex: 12    Spells: 1/1 levels left

rFire   . . .        a - +0 war axe
rCold   . . .        c - +0 buckler
rNeg    . . .        b - +0 scale mail
rPois   .            (no helmet)
rElec   .            (no cloak)
rCorr   .            (no gloves)
SInv    .            (no boots)
Will    .....        (no amulet) Stlth
                     (no ring)
HPRegen 0.24/turn    (no ring)
MPRegen 0.08/turn

%: no passive effects
@: no status effects
A: demonic magic 1
a: no special abilities


You were on level 1 of the Dungeon.
You visited 1 branch of the dungeon, and saw 1 of its levels.

You collected 18 gold pieces.

Inventory:

Hand Weapons
 a - a +0 war axe (weapon)
Armour
 b - a +0 scale mail (worn)
 c - a +0 buckler (worn)
Scrolls
 e - a scroll of identify {unknown}
Potions
 d - a potion of might


   Skills:
 + Level 3.1 Fighting
 + Level 1.9 Axes
 + Level 2.8 Armour
 + Level 2.9 Shields


You had one spell level left.
You didn't know any spells.
Your spell library was empty.

Dungeon Overview and Level Annotations

Branches:
Dungeon (1/15)

Altars:


Innate Abilities, Weirdness & Mutations

Spells you cast may paralyse adjacent enemies.


Message History

You see here a rat corpse.
A dart slug comes into view.
A dart slug is nearby!
The dart slug launches a dart at you. The slug dart hits you.
The dart slug closely misses you.
You slash the dart slug!
The dart slug is almost dead.
The dart slug launches a dart at you. The slug dart misses you.
You slash the dart slug!
You kill the dart slug!
No target in view!
No target in view!
No target in view!
No target in view!
No target in view!
No target in view!
No target in view!
No target in view!
No target in view!
No target in view!
No target in view!
No target in view!
You see here a dart slug corpse.
Found 3 stones.
You now have 18 gold pieces (gained 11).
A goblin comes into view. It is wielding a +0 club.
The goblin shouts!
A goblin is nearby!
Found 10 gold pieces.
The goblin closely misses you.
You barely miss the goblin. The goblin hits you with a +0 club.
You closely miss the goblin. The goblin closely misses you.
You slash the goblin!
You kill the goblin!
You have reached level 2!
Your demonic ancestry asserts itself...
A menacing aura infuses your magic.
Are you sure you want to abandon this character and quit the game? (Confirm with "yes".)

#.# #.#)#.# ##.#### #. #.#.#.#
#)....# #. # ##.#.#.# ...##.# #.
## #.#....... ##†##.# #. ..
.........# ...##.# #. .#
.##.....# #####.# #.##.###.#
#.....# #.# #..).....#....#.#..
#.# #@.$# ######.### ## #.# #.###
#.# .# #.### #.# ##'## .# #...#
#.# ##...## .# #...# #.####
##..^.># .# ##...# #.##.##
##.......
.###...#########.#...####........
##......................'.†......
###...#.#######.#...####.......)


There were no monsters in sight!

Vanquished Creatures
  A dart slug (D:1)
  A bat (D:1)
  A goblin (D:1)
  A hobgoblin (D:1)
  A kobold (D:1)
  A rat (D:1)
6 creatures vanquished.

Notes
Turn   | Place    | Note
-------+----------+-------------------------------------------
     0 | D:1      | Maratek the Demonspawn Fighter began the quest for the Orb.
     0 | D:1      | Reached XP level 1. HP: 18/18 MP: 1/1
   203 | D:1      | Gained mutation: Spells you cast may paralyse adjacent
                  | enemies. [demonic ancestry]
   203 | D:1      | Reached XP level 2. HP: 19/24 MP: 2/2
   203 | D:1      | Quit the game

Illustrated notes

Levels and vault maps discovered:
D:1:      minmay_arrival_checkered_box, layout_loops_corners,
          hangedman_decor_growths

Action                     || total
---------------------------++-------
  Melee: War axe           ||    20
 Armour: Scale mail        ||    13
  Dodge: Dodged            ||    12
  Block: Buckler           ||     3

Table legend: (Time is in decaauts)
 A = Elapsed time spent in this place.
 B = Non-inter-level travel time spent in this place.
 C = Inter-level travel time spent in this place.
 D = Time resting spent in this place.
 E = Time spent auto-exploring this place.
 F = Levels seen in this place.
 G = Mean time per level.
                   A        B        C        D        E       F      G
               +--------+--------+--------+--------+--------+-----+--------+
         Total |    212 |    212 |      0 |      0 |    164 |   1 |  212.0 |
       Dungeon |    212 |    212 |      0 |      0 |    164 |   1 |  212.0 |
               +--------+--------+--------+--------+--------+-----+--------+

Top non-repeatable levels by time:
     D:1: 212 daAuts
